 Dungeon Crawl Stone Soup version 0.32-a0-135-g14f8b2e1af (webtiles) character file.

Game seed: 9261338130045948494

248 Zoltraak the Slasher (level 5, 0/40 HPs)
             Began as a Demonspawn Gladiator on Feb 10, 2024.
             Was an Initiate of Okawaru.
             Killed from afar by an orc wizard (9 damage)
             ... with a puff of flame
             ... on level 4 of the Dungeon.
             The game lasted 00:19:13 (3065 turns).

Zoltraak the Slasher (Demonspawn Gladiator)         Turns: 3065, Time: 00:19:15

Health: 0/40       AC:  5    Str: 17    XL:     5   Next: 86%
Magic:  5/5        EV: 12    Int:  8    God:    Okawaru [......]
Gold:   186        SH:  0    Dex: 16    Spells: 4/4 levels left

rFire   . . .        a - +0 long sword
rCold   . . .        (no shield)
rNeg    . . .        f - +0 ring mail
rPois   .            (helmet currently unavailable)
rElec   .            g - melded +0 cloak
rCorr   .            (gloves currently unavailable)
SInv    .            (boots currently unavailable)
Will    .....        (no amulet)
Stlth   ++           (no ring)
HPRegen 0.26/turn    (no ring)
MPRegen 0.18/turn

%: no passive effects
@: beast-form
A: beast (slay +0), antennae 1, thin skeletal structure 1, magic regeneration
a: Begin Untransformation, Renounce Religion


You were on level 4 of the Dungeon.
You worshipped Okawaru.
Okawaru was noncommittal.
You were a hulking beast.
You visited 1 branch of the dungeon, and saw 4 of its levels.

You collected 186 gold pieces.

Inventory:

Hand Weapons
 a - a +0 long sword (weapon)
 j - a +0 lajatang of electrocution
 l - a +0 dagger
Missiles
 d - 3 throwing nets
 e - a javelin (quivered)
Armour
 b - a +0 leather armour
 c - a +0 helmet
 f - a +0 ring mail (worn)
 g - a +0 cloak (melded)
 n - a +0 robe
 o - a +0 helmet
Talismans
 i - a beast talisman (active)
Wands
 q - a wand of flame (7)
Scrolls
 m - 3 scrolls of teleportation
 s - 2 scrolls of amnesia
Potions
 h - a potion of curing
 r - a potion of berserk rage {unknown}


   Skills:
 * Level 2.9 Fighting
 * Level 4.4 Long Blades
 - Level 1.7 Throwing
 + Level 1.3 Armour
 + Level 3.3 Dodging
 + Level 0.1 Evocations
 - Level 1.7 Shapeshifting


You had 4 spell levels left.
You didn't know any spells.
Your spell library contained the following spells:

 Spells                   Type           Power      Damage    Failure   Level
 Apportation              Tloc           0%         N/A       63%         1
 Necrotise                Necr           0%         1d4       63%         1
 Sting                    Conj/Alch      0%         1d3       63%         1
 Inner Flame              Hex/Fire       0%         N/A       94%         3
 Irradiate                Conj/Alch      0%         3d11      100%        5
 Ignition                 Fire           0%         3d3       100%        8
 Summon Small Mammal      Summ           Unusable   N/A       N/A         1

Dungeon Overview and Level Annotations

Branches:
Dungeon (4/15)
 Temple: D:4-7

Altars:
Hepliaklqana
Okawaru
Ru
Wu Jian
Xom

Annotations:
D:3 2 runed translucent doors, Kenran's ghost, amateur SpHu


Innate Abilities, Weirdness & Mutations

You are a hulking beast.
Your limbs bulge with bestial killing power. (Slay +0)
You have a pair of small antennae on your head.
You have a somewhat thin skeletal structure. (Dex +2, Stealth+)
You regenerate magic rapidly.


Message History

You closely miss the orc wizard.
The orc wizard is severely wounded.
The orc hits you but does no damage.
The orc wizard gestures at you while chanting.
The puff of flame misses you. The orc hits you with a +0 club.
The orc wizard gestures wildly while chanting.
The orc wizard flickers and vanishes!
Deactivating autopickup; reactivate with Ctrl-A.
You barely miss the orc. The orc hits you with a +0 club. Something hits you.
It was a potion of cancellation.
You feel magically purged. The orc barely misses you.
You hear some strange, mumbled words.
Something tries to affect you, but you resist.
Aiming: Throw Flame
Press: ? - help, Shift-Dir - straight line, f - orc
Aim: an orc, wielding a +0 club (68% to hit)
The puff of flame hits the orc.
The orc is heavily wounded.
Something hits you.
* * * LOW HITPOINT WARNING * * *
The orc completely misses you.
Aiming: Throw Flame
Press: ? - help, Q - select action, (/) - cycle Shift-Dir - straight line, f/p - orc
Aim: an orc, wielding a +0 club (heavily wounded, 68% to hit)
The puff of flame hits the orc.
You kill the orc!
Okawaru accepts your kill. Something hits you.
* * * LOW HITPOINT WARNING * * *
Aiming: Throw Flame
Press: ? - help, Q - select action, (/) - cycle Shift-Dir - straight line You hear some strange, mumbled words.
Something tries to affect you, but you resist.
Aiming: Throw Flame
Press: ? - help, Q - select action, (/) - cycle Shift-Dir - straight line The puff of flame hits something.
You hear some strange, mumbled words.
A puff of flame appears from out of thin air!
The puff of flame hits you!
You die...

#........†.#####
##......#......#
###....##..##.#
.......(#..##.#
#...##.##..##.#
#.#. ###...##.#
..........#.##.#
#####.#####.##.#
#..){h.#
#(###).# ...
#..# ...# #)##
##..#.....#
....o...###
##..####


There were no monsters in sight!

Vanquished Creatures
  A bombardier beetle (D:4)
  A hound (D:4)
  2 iguanas (D:4)
  4 adders
  4 dart slugs
  8 orcs
  3 endoplasms
  5 giant cockroaches
  7 hobgoblins
  3 jackals (D:1)
  11 kobolds
  3 quokkas
  11 ball pythons
  6 bats
  7 frilled lizards
  7 goblins
  5 rats
88 creatures vanquished.

Notes
Turn   | Place    | Note
-------+----------+-------------------------------------------
     0 | D:1      | Zoltraak the Demonspawn Gladiator began the quest for the
                  | Orb.
     0 | D:1      | Reached XP level 1. HP: 16/16 MP: 1/1
    14 | D:1      | Noticed a centaur
    37 | D:1      | Gained mutation: You have a somewhat thin skeletal
                  | structure. (Dex +2, Stealth+) [demonic ancestry]
    37 | D:1      | Reached XP level 2. HP: 14/22 MP: 2/2
   222 | D:1      | Reached skill level 3 in Long Blades
   378 | D:1      | Reached XP level 3. HP: 14/27 MP: 3/3
   880 | D:2      | Found a hazy altar of Hepliaklqana.
  1773 | D:3      | Gained mutation: You regenerate magic rapidly. [demonic
                  | ancestry]
  1773 | D:3      | Reached XP level 4. HP: 29/34 MP: 4/4
  1879 | D:3      | Reached skill level 1 in Shapeshifting
  2214 | D:3      | Found an iron altar of Okawaru.
  2225 | D:3      | Became a worshipper of Warmaster Okawaru
  2228 | D:3      | Found a shimmering altar of Xom.
  2315 | D:3      | Found a large runed translucent door.
  2318 | D:3      | Found a large runed translucent door.
  2324 | D:3      | Noticed Kenran's ghost (amateur SpHu)
  2489 | D:4      | Found a sacrificial altar of Ru.
  2514 | D:4      | Found an ornate altar of the Wu Jian Council.
  2639 | D:4      | Reached skill level 1 in Armour
  2639 | D:4      | Gained mutation: You have a pair of small antennae on your
                  | head. [demonic ancestry]
  2639 | D:4      | Reached XP level 5. HP: 37/39 MP: 5/5
  2649 | D:4      | Reached skill level 4 in Long Blades
  2973 | D:4      | Identified a scroll of acquirement
  2973 | D:4      | Acquired a +0 lajatang of electrocution
  3065 | D:4      | Killed from afar by an orc wizard

Illustrated notes

Levels and vault maps discovered:
D:1:      evilmike_arrival_come_back, layout_rooms
D:2:      layout_basic, basic_altar
D:3:      layout_rooms, mainiacjoe_overflow_large_starburst,
          ebering_ghost_disaster_area
D:4:      layout_loops_ring, nicolae_ru_the_path_less_chosen, marbit_many_paths,
          minmay_three_crescents

Skill      XL: |  1  2  3  4  5 |
---------------+----------------+-----
Dodging        | 3 |  3.3
Long Blades    | 3 4 |  4.4
Shapeshifting  | 1 |  1.7
Armour         | 1 |  1.3
Fighting       | |  2.9
Throwing       | |  1.7
Evocations     | |  0.1

Action                     |  1- 3 |  4- 6 || total
---------------------------+-------+-------++-------
  Melee: Long sword        |   128 |   111 ||   239
         Punch             |     5 |     4 ||     9
  Evoke: Wand              |       |     8 ||     8
    Use: Scroll            |     4 |     3 ||     7
         Potion            |       |     3 ||     3
   Stab: Sleeping          |     5 |     1 ||     6
 Armour: Leather armour    |    63 |       ||    63
         Ring mail         |    37 |    87 ||   124
         Skin              |       |     6 ||     6
  Dodge: Dodged            |   142 |    96 ||   238
   Form: Beast             |     2 |       ||     2
                           |     1 |       ||     1

Table legend: (Time is in decaauts)
 A = Elapsed time spent in this place.
 B = Non-inter-level travel time spent in this place.
 C = Inter-level travel time spent in this place.
 D = Time resting spent in this place.
 E = Time spent auto-exploring this place.
 F = Levels seen in this place.
 G = Mean time per level.
                   A        B        C        D        E       F      G
               +--------+--------+--------+--------+--------+-----+--------+
         Total |   3117 |   2794 |    323 |      0 |   1602 |   4 |  779.2 |
       Dungeon |   3117 |   2794 |    323 |      0 |   1602 |   4 |  779.2 |
               +--------+--------+--------+--------+--------+-----+--------+

Top non-repeatable levels by time:
     D:1: 979 daAuts
     D:3: 842 daAuts
     D:2: 659 daAuts
     D:4: 635 daAuts
